 Dungeon Crawl Stone Soup version 0.19-a0-1341-g3513869 (webtiles) character file.

752 Leszczynek the Basher (level 7, -10/72 HPs)
             Began as an Ogre Monk on Sept 2, 2016.
             Was a Believer of Ru.
             Mangled by a red ugly thing (23 damage)
             ... on level 7 of the Dungeon.
             The game lasted 00:15:37 (3130 turns).

Leszczynek the Basher (Ogre Monk)                   Turns: 3130, Time: 00:15:38

Health: -10/72     AC:  3    Str: 17    XL:     7   Next: 78%
Magic:  7/7        EV: 11    Int:  9    God:    Ru [**....]
Gold:   81         SH:  0    Dex: 14    Spells: 0 memorised, 6 levels left

rFire  . . .     SeeInvis .     a - +0 flail
rCold  . . .     Gourm    .     b - +0 robe
rNeg   . . .     Faith    .     (no shield)
rPois  .         Spirit   .     (helmet restricted)
rElec  .         Dismiss  .     (no cloak)
rCorr  .         Reflect  .     (gloves unavailable)
MR     .....     Harm     .     (boots unavailable)
Stlth  ..........               (no amulet)
                                (no ring)
                                (no ring)

@: very slightly contaminated, hasted, very quick
A: unfitting armour, tough skin 1, no stealth, inexperienced 1
a: Renounce Religion


You were on level 7 of the Dungeon.
You worshipped Ru.
Ru was pleased with you.
You were not hungry.

You visited 1 branch of the dungeon, and saw 7 of its levels.

You collected 240 gold pieces.
You spent 159 gold pieces at shops.

Inventory:

Hand Weapons
 a - a +0 flail (weapon)
Armour
 b - a +0 robe (worn)
Wands
 n - a wand of enslavement (17/24)
Scrolls
 c - 4 scrolls of magic mapping {unknown}
 g - 4 scrolls of enchant armour {unknown}
 k - 2 scrolls of remove curse {unknown}
 o - 2 scrolls of amnesia {unknown}
 p - a scroll of fear {unknown}
 s - a scroll of random uselessness {unknown}
 u - a scroll of immolation {unknown}
 w - a scroll of fog
 x - 2 scrolls of teleportation
 y - 2 scrolls of recharging {unknown}
 A - a scroll of blinking {unknown}
Potions
 e - a potion of flight
 f - a potion of haste
 h - a potion of ambrosia
 i - a potion of heal wounds {unknown}
 l - a potion of agility {unknown}
 m - a potion of cancellation {unknown}
 q - a potion of brilliance {unknown}
 r - a potion of magic {unknown}
 t - 5 potions of curing
 v - a potion of cure mutation {unknown}
 z - a potion of degeneration {unknown}
Comestibles
 d - 3 bread rations
 j - 4 meat rations
 B - 3 chunks of flesh


   Skills:
 + Level 5.5 Fighting
 * Level 10.4 Maces & Flails
 + Level 3.7 Dodging


You had 6 spell levels left.
You didn't know any spells.

Dungeon Overview and Level Annotations

Branches:
Dungeon (7/15)
 Temple: D:4-7

Altars:
Ashenzari
Nemelex Xobeh
Ru
Trog

Shops:
D:4 *?=*!   D:7 !

Annotations:
D:4 braks's ghost, amateur DrAE
D:5 Duvessa


Innate Abilities, Weirdness & Mutations

You are too large for most types of armour.
You have tough skin. (AC +1)
You cannot be stealthy.
You are somewhat inexperienced. (-2 XL)


Message History

The red ugly thing gurgles horribly!
There is an open door here.
You close the door.
A red ugly thing opens the door.
You feel yourself speed up.
You are very lightly contaminated with residual magic.
You hit the red ugly thing but do no damage.
The red ugly thing closely misses you.
You closely miss the red ugly thing.
The red ugly thing is stunned by your will and fails to attack.
You barely miss the red ugly thing. The red ugly thing headbutts you.
You are engulfed in flames!!
You hit the red ugly thing but do no damage.
You completely miss the red ugly thing. The red ugly thing headbutts you!
You are engulfed in flames!
You bludgeon the red ugly thing!!
The red ugly thing is moderately wounded.
The red ugly thing headbutts you!
* * * LOW HITPOINT WARNING * * *
You are engulfed in flames!!
You die...

##.# #.# #.# ####... #.#
..# ..##..# #.# #.#
#.##..# #.# ...
#.##..########.# .##
#..............# .#
#.##..########## .##
#..#..###########..##..#
................@...$..#
###############u#####%.#
# #......# # #####...# #
##..# # #.## # .## # # #


You could see a red ugly thing.

Vanquished Creatures
  Menkaure (D:6)
  A sky beast (D:6)
  A phantom (D:5)
  An eye of draining (D:6)
  Dowan (D:5)
  A giant frog zombie (D:6)
  2 giant frog skeletons
  A hound (D:6)
  A jelly (D:5)
  A centaur skeleton (D:4)
  An iguana (D:5)
  A worker ant (D:6)
  A worker ant zombie (D:5)
  3 adders
  2 oozes
  A worm (D:6)
  2 dart slugs (D:2)
  2 giant geckos
  An orc (D:3)
  2 ball pythons
  7 bats
  4 giant cockroaches
  7 goblins
  9 hobgoblins
  5 jackals
  A quokka (D:2)
  4 giant newts
  3 kobolds
  A quokka skeleton (D:6)
  13 rats
81 creatures vanquished.

Notes
Turn   | Place    | Note
-------+----------+-------------------------------------------
     0 | D:1      | Leszczynek the Ogre Monk began the quest for the Orb.
     0 | D:1      | Reached XP level 1. HP: 24/24 MP: 1/1
   127 | D:1      | Reached XP level 2. HP: 32/32 MP: 2/2
   194 | D:2      | Reached skill level 5 in Maces & Flails
   276 | D:1      | Reached XP level 3. HP: 27/39 MP: 3/3
   413 | D:2      | Found a faded altar of an unknown god.
   433 | D:2      | Became a worshipper of Ru the Awakened
   440 | D:2      | Gained mutation: You are somewhat inexperienced. (-2 XL) [Ru sacrifice]
   440 | D:2      | Reached XP level 2. HP: 32/32 MP: 2/2
   440 | D:2      | Reached XP level 1. HP: 24/24 MP: 1/1
   440 | D:2      | Reached * piety under Ru
   645 | D:2      | Reached XP level 2. HP: 32/32 MP: 2/2
   698 | D:2      | Reached skill level 6 in Maces & Flails
   708 | D:2      | Reached XP level 3. HP: 39/39 MP: 3/3
  1249 | D:4      | Reached skill level 7 in Maces & Flails
  1249 | D:4      | Reached XP level 4. HP: 29/48 MP: 4/4
  1255 | D:4      | Found Zoosutul's General Store.
  1255 | D:4      | Found Qakoison's Jewellery Shop.
  1279 | D:4      | Found Rowudirph's Magic Scroll Shop.
  1286 | D:4      | Bought a scroll of identify for 22 gold pieces
  1286 | D:4      | Bought a scroll of fog for 22 gold pieces
  1286 | D:4      | Bought a scroll of identify for 22 gold pieces
  1286 | D:4      | Bought a scroll of teleportation for 33 gold pieces
  1322 | D:4      | Noticed braks's ghost (amateur DrAE)
  1357 | D:4      | Found Naser's Assorted Antiques.
  1408 | D:5      | Entered Level 5 of the Dungeon
  1430 | D:5      | Noticed a phantom
  1467 | D:5      | Reached XP level 5. HP: 38/54 MP: 5/5
  1632 | D:5      | Killed a phantom
  1632 | D:5      | Reached skill level 8 in Maces & Flails
  1678 | D:5      | Noticed Duvessa
  1678 | D:5      | Noticed Dowan
  1725 | D:5      | Killed Dowan
  1725 | D:5      | Reached skill level 9 in Maces & Flails
  1725 | D:5      | Reached XP level 6. HP: 37/62 MP: 6/6
  2003 | D:5      | Noticed an ice beast
  2103 | D:4      | Found Hoabeum's Distillery.
  2127 | D:4      | Bought a potion of curing for 30 gold pieces
  2127 | D:4      | Bought a potion of lignification for 30 gold pieces
  2406 | D:6      | Noticed Menkaure
  2421 | D:6      | Killed Menkaure
  2421 | D:6      | Reached skill level 3 in Dodging
  2421 | D:6      | Reached XP level 7. HP: 24/71 MP: 7/7
  2691 | D:6      | Found a shattered altar of Ashenzari.
  2692 | D:6      | Found a sparkling altar of Nemelex Xobeh.
  2746 | D:6      | Reached skill level 5 in Fighting
  2746 | D:6      | Reached skill level 10 in Maces & Flails
  2754 | D:6      | Noticed a moth of wrath
  2757 | D:6      | Found a bloodstained altar of Trog.
  3021 | D:6      | Gained mutation: You cannot be stealthy. [Ru sacrifice]
  3021 | D:6      | Reduced skill Stealth to level 0
  3021 | D:6      | Reached ** piety under Ru
  3077 | D:7      | Found Koenij's Distillery.
  3119 | D:7      | Noticed a red ugly thing
  3130 | D:7      | Mangled by a red ugly thing

Vault maps used:
D:1:      minmay_arrival_four_houses
D:2:      ecumenical_altar_1, minmay_misc_feat_chi, kennysheep_generic_room_12
D:3:      lemuel_round_altar
D:4:      first_bread, serial_shops, shop, shop, shop, shop_statue, shop
D:5:      uniq_duvessa
D:6:      nicolae_overflow_hidden_temple, tgw_trog, uniq_menkaure
D:7:      serial_shops, shop, shop, shop, nicolae_shop_statue_plus,
          enter_bailey_3, minmay_the_grid_2x2

Skill      XL: |  1  2  3  4  5  6  7 |
---------------+----------------------+-----
Maces & Flails | 6 7 9 10 | 10.4
Dodging        | 3 |  3.7
Fighting       | 5 |  5.5
Stealth        | 0 |  0.0

Action                   |  1- 3 |  4- 6 |  7- 9 || total
-------------------------+-------+-------+-------++-------
Melee: Mace              |   141 |    89 |    67 ||   297
       Flail             |       |       |    30 ||    30
Invok: Sacrifice Experie |     1 |       |       ||     1
       Sacrifice Stealth |       |       |     1 ||     1
Evoke: Wand              |       |     1 |       ||     1
  Use: Scroll            |       |     5 |       ||     5
       Potion            |       |     1 |     1 ||     2
 Stab: Distracted        |     1 |     1 |       ||     2
       Sleeping          |     2 |     1 |       ||     3
  Eat: Chunk             |     1 |     1 |       ||     2
       Fruit             |       |     3 |       ||     3
       Bread ration      |       |     1 |       ||     1
Armor: Robe              |    27 |     6 |    20 ||    53
       Skin              |       |     4 |       ||     4
Dodge: Dodged            |    79 |    33 |    48 ||   160
